 Dungeon Crawl Stone Soup version 0.20.0-15-g7f486f2 (webtiles) character file.

74 KleinerIrrer the Shooter (level 4, -7/35 HPs)
             Began as a Barachi Hunter on June 25, 2017.
             Mangled by Terence
             ... wielding a +0 flail
              (9 damage)
             ... on level 1 of the Dungeon.
             The game lasted 00:03:04 (802 turns).

KleinerIrrer the Shooter (Barachi Hunter)            Turns: 802, Time: 00:03:04

Health: -7/35      AC:  3    Str: 13    XL:     4   Next: 28%
Magic:  4/4        EV: 12    Int: 12    God:
Gold:   70         SH:  0    Dex: 13    Spells: 3/3 levels left

rFire    + . .     SeeInvis .   b - +0 short sword
rCold    + . .     Gourm    .   (no shield)
rNeg     . . .     Faith    .   c - +0 leather armour
rPois    +         Spirit   .   (no helmet)
rElec    +         Reflect  .   (no cloak)
rCorr    +         Harm     .   (no gloves)
MR       .....                  (no boots)
Stlth    +.........             (no amulet)
Regen    0.2/turn               (no ring)
MPRegen  0.1/turn               (no ring)

@: resistant, can't hop, flying, slow
A: +LOS, swims, slowness 1, strong legs 1
a: Hop


You were on level 1 of the Dungeon.
You were not hungry.

You visited 1 branch of the dungeon, and saw 2 of its levels.

You collected 70 gold pieces.

Inventory:

Hand Weapons
 a - a +1 shortbow
 b - a +0 short sword (weapon)
Missiles
 j - 27 arrows
Armour
 c - a +0 leather armour (worn)
Scrolls
 e - 2 scrolls of remove curse {unknown}
 g - a scroll of recharging {unknown}
 i - a scroll of blinking {unknown}
 l - a scroll of amnesia {unknown}
 m - 2 scrolls of identify {unknown}
Potions
 d - a potion of resistance
Comestibles
 f - 5 bread rations
 n - a fruit
 o - a meat ration


   Skills:
 + Level 3.2 Fighting
 + Level 5.1 Bows
 + Level 0.8 Armour
 + Level 2.4 Dodging
 + Level 0.8 Stealth


You had 3 spell levels left.
You didn't know any spells.

Dungeon Overview and Level Annotations

Branches:
Dungeon (2/15)

Altars:
Xom

Annotations:
D:1 Terence


Innate Abilities, Weirdness & Mutations

Shadows flee at your approach. (+LOS)
You can swim through water.
You cover ground slowly.
You can hop short distances.


Message History

Terence misses you.
You barely miss Terence.
Terence is moderately wounded.
Terence hits you but does no damage.
Your leather armour prevents you from hitting Terence.
Terence is moderately wounded.
Terence completely misses you.
You hit Terence but do no damage.
Terence is moderately wounded.
Terence hits you with a flail.
* * * LOW HITPOINT WARNING * * *
You hit Terence.
Terence is moderately wounded.
Terence barely misses you.
You hit Terence but do no damage.
Terence is moderately wounded.
You hit Terence but do no damage.
Terence is moderately wounded.
Terence hits you with a flail!
You die...

#)......# ...# #..#......
#.......# ..#####.#.######
#.##.#..# #.#.......#
#.##.#..# ####.#.###.#.#
#.##.#..# #......##....## ###
#.......# ##.##...##.#...###..
#......## #.......##......##.#
##.#.#.####..#................
#.#........@@........♣♣♣♣♣♣♣♣
#.###.#######........♣PP..PP.
#.###.# #######..♣PP..P..
#.....# #..♣..PP... #######
#..♣..P...P #..♣PP.<.P.
#..♣P...PP. #..♣...P..P
#..♣..PP..P


You could see Terence.

Vanquished Creatures
  Jessica (D:2)
  An adder (D:2)
  A worm (D:2)
  4 leopard geckos
  A giant cockroach (D:2)
  A goblin (D:1)
  3 hobgoblins (D:1)
  6 jackals (D:1)
  A quokka (D:2)
  3 bats
  7 kobolds
  3 rats (D:1)
32 creatures vanquished.

Notes
Turn   | Place    | Note
-------+----------+-------------------------------------------
     0 | D:1      | KleinerIrrer the Barachi Hunter began the quest for the Orb.
     0 | D:1      | Reached XP level 1. HP: 17/17 MP: 1/1
   115 | D:1      | Reached XP level 2. HP: 23/23 MP: 2/2
   123 | D:1      | Found a shimmering altar of Xom.
   347 | D:1      | Reached XP level 3. HP: 17/28 MP: 3/3
   633 | D:2      | Noticed Jessica
   649 | D:2      | Killed Jessica
   649 | D:2      | Reached skill level 5 in Bows
   649 | D:2      | Reached XP level 4. HP: 27/34 MP: 4/4
   744 | D:2      | Noticed Terence
   802 | D:1      | Mangled by Terence

Skill      XL: |  1  2  3  4 |
---------------+-------------+-----
Bows           | 5 |  5.1
Fighting       | 3 |  3.2
Armour         | |  0.8
Dodging        | |  2.4
Stealth        | |  0.8

Action                   |  1- 3 |  4- 6 || total
-------------------------+-------+-------++-------
Melee: Short sword       |     3 |    13 ||    16
 Fire: Shortbow          |    94 |    27 ||   121
 Abil: Hop               |       |     1 ||     1
  Use: Potion            |       |     3 ||     3
Armor: Leather armour    |     7 |       ||     7
Dodge: Dodged            |    22 |    16 ||    38
